 Dungeon Crawl Stone Soup version 0.31-a0-744-gbc345e7fcb (webtiles) character file.

Game seed: 16484191972483580627

109 dialectric the Sneak (level 4, 0/33 HPs)
             Began as a Demonspawn Brigand on Sept 13, 2023.
             Slain by a phantom (1 damage)
             ... on level 3 of the Dungeon.
             The game lasted 00:04:28 (2216 turns).

dialectric the Sneak (Demonspawn Brigand)           Turns: 2216, Time: 00:04:29

Health: 0/33       AC:  6    Str: 18    XL:     4   Next: 60%
Magic:  4/4        EV: 12    Int: 11    God:
Gold:   147        SH:  4    Dex: 13    Spells: 1/3 levels left

rFire   . . .        a - +2 dagger
rCold   . . .        (no shield)
rNeg    + . .        r - +2 robe {rN+}
rPois   .            w - +0 helmet
rElec   .            c - +0 cloak
rCorr   .            (no gloves)
SInv    .            (no boots)
Will    .....        (no amulet)
Stlth   +++          (no ring)
HPRegen 0.25/turn    (no ring)
MPRegen 0.09/turn

%: no passive effects
@: no status effects
A: powered by pain 1, weakness stinger 1, large bone plates 1, strong 1
a: no special abilities


You were on level 3 of the Dungeon.
You visited 1 branch of the dungeon, and saw 4 of its levels.

You collected 147 gold pieces.

Inventory:

Hand Weapons
 a - a +2 dagger (weapon)
 t - a +0 long sword
Missiles
 d - 8 poisoned darts
 e - 3 curare-tipped darts (quivered)
 j - 6 atropa-tipped darts
Armour
 b - a +0 robe
 c - a +0 cloak (worn)
 r - a +2 robe of positive energy (worn)
 w - a +0 helmet (worn)
Jewellery
 p - a +5 ring of evasion
Wands
 x - a wand of mindburst (8)
Scrolls
 g - a scroll of revelation
 i - a scroll of butterflies {unknown}
 l - a scroll of poison {unknown}
 o - a scroll of vulnerability {unknown}
 v - 2 scrolls of fear {unknown}
 y - a scroll of identify {unknown}
Potions
 f - a potion of ambrosia
 h - a potion of heal wounds {unknown}
 k - 2 potions of mutation
 m - a potion of curing {unknown}
 n - a potion of brilliance {unknown}
 q - a potion of lignification {unknown}
 s - a potion of berserk rage {unknown}
 u - a potion of might {unknown}


   Skills:
 + Level 2.2 Fighting
 + Level 2.5 Short Blades
 + Level 1.9 Throwing
 + Level 1.5 Dodging
 - Level 5.0 Stealth


You had one spell level left.
You knew the following spells:

 Your Spells              Type           Power      Damage    Failure   Level
a - Ensorcelled Hibernat  Hex/Ice        0%         N/A       47%         2

Your spell library contained the following spells:

 Spells                   Type           Power      Damage    Failure   Level
 Jinxbite                 Hex            0%         N/A       47%         2
 Static Discharge         Conj/Air       0%         2-2/arc   47%         2
 Dazzling Flash           Conj/Hex       0%         N/A       71%         3
 Volatile Blastmotes      Fire/Tloc      0%         2d10      71%         3
 Airstrike                Air            0%         2d(0-16)  98%         4
 Anguish                  Hex/Necr       0%         N/A       98%         4
 Summon Lightning Spire   Summ/Air       0%         N/A       98%         4
 Starburst                Conj/Fire      0%         6d3       100%        6
 Maxwell's Capacitive Co  Air            0%         ∞         100%        8


Dungeon Overview and Level Annotations

Branches:
Dungeon (4/15)
 Temple: D:4-7

Altars:

Annotations:
D:4 Robin


Innate Abilities, Weirdness & Mutations

You sometimes gain a little power by taking damage.
You have a small tail.
You are partially covered in large bone plates. (SH +4)
Your muscles are strong. (Str +4, Int/Dex -1)


Message History

You hit the phantom.
The phantom is severely damaged.
The phantom hits you.
The hobgoblin hits you but does no damage.
The endoplasm closely misses you.
The hobgoblin hits you but does no damage.
The endoplasm freezes you.
You are frozen.
The hobgoblin closely misses you.
There is a stone staircase leading up, spattered with blood here.
Things that are here:
a jackal corpse; a jackal corpse The hobgoblin closely misses you.
The endoplasm freezes you.
You are frozen.
The phantom hits you.
You climb upwards.
There is a stone staircase leading down here.
Unknown command.
Unknown command.
You barely miss the endoplasm.
Your tail-slap misses the endoplasm.
The endoplasm is heavily wounded.
The endoplasm freezes you.
You are frozen.
You hit the endoplasm.
You kill the endoplasm!
The phantom hits you.
* * * LOW HITPOINT WARNING * * *
The phantom blinks!
You blink.
Unknown command.
You block the phantom's attack.
Unknown command.
The phantom attacks as it pursues you! The phantom hits you.
* * * LOW HITPOINT WARNING * * *
The phantom blinks!
You blink.
The phantom attacks as it pursues you!
The phantom hits you but does no damage.
The phantom hits you.
* * * LOW HITPOINT WARNING * * *
The phantom attacks as it pursues you! The phantom hits you.
You die...

..# #.# #........#####
..# #.#
#####g............ ..#
#.# #.......####.#####
..# #.# ##.###..## #.#
..# #.###...##..# #.#
..#########.##.....#..#
#.#
......................#
#.#
..##.###..............#
#.#
####.###........@W....#
#.#
............##.....#..#
#.#
.###.###..#####....#..#
#.# .###.#
#..............# #.#
##...#
#.#######.#.########.#
#.### #.# #.#.# #....#
#.# #.# #>#.# #.####
#.# #.# #.#.# #.# #.#
#.# #...# #.#


You could see a phantom.

Vanquished Creatures
  2 adders
  2 worms (D:3)
  A dart slug (D:1)
  2 orcs
  6 ball pythons
  7 endoplasms
  2 giant cockroaches
  12 goblins
  9 hobgoblins
  7 jackals
  4 quokkas
  3 bats (D:1)
  4 frilled lizards
  8 kobolds
  A rat (D:3)
70 creatures vanquished.

Notes
Turn   | Place    | Note
-------+----------+-------------------------------------------
     0 | D:1      | dialectric the Demonspawn Brigand began the quest for the
                  | Orb.
     0 | D:1      | Reached XP level 1. HP: 16/16 MP: 1/1
   135 | D:1      | Reached skill level 1 in Dodging
   194 | D:1      | Reached skill level 4 in Stealth
   261 | D:1      | Gained mutation: You have a small tail. [demonic ancestry]
   261 | D:1      | Reached XP level 2. HP: 22/22 MP: 2/2
   505 | D:1      | Gained mutation: You sometimes gain a little power by
                  | taking damage. [demonic ancestry]
   505 | D:1      | Reached XP level 3. HP: 21/27 MP: 3/3
   508 | D:1      | Learned a level 2 spell: Ensorcelled Hibernation
  1367 | D:3      | Reached XP level 4. HP: 33/33 MP: 4/4
  1580 | D:3      | Reached skill level 5 in Stealth
  1793 | D:3      | Found a faded altar of an unknown god.
  1945 | D:4      | Noticed Robin
  2130 | D:4      | Noticed a phantom
  2169 | D:4      | Gained mutation: You are partially covered in large bone
                  | plates. (SH +4) [potion of mutation]
  2169 | D:4      | Gained mutation: Your muscles are strong. (Str +4, Int/Dex
                  | -1) [potion of mutation]
  2215 | D:3      | HP: 1/33 [phantom (4)]
  2216 | D:3      | Slain by a phantom

Illustrated notes

Levels and vault maps discovered:
D:1:      giann_wishing_wells, layout_basic, grunt_decor_mini_mirrors,
          amcnicky_mini_pool_small
D:2:      layout_basic
D:3:      layout_loops_ring, shapermc_ecumenical_altar_pompeii,
          minmay_fractal_squares_diagonal_5
D:4:      layout_cave_pools, uniq_robin, uniq_natasha

Skill      XL: |  1  2  3  4 |
---------------+-------------+-----
Dodging        | 1 |  1.5
Stealth        | 4 5 |  5.0
Short Blades   | 2 |  2.5
Fighting       | |  2.2
Throwing       | |  1.9

Action                     |  1- 3 |  4- 6 || total
---------------------------+-------+-------++-------
  Melee: Dagger            |   138 |    79 ||   217
         Tailslap          |    18 |     8 ||    26
         Punch             |     1 |       ||     1
  Throw: Dart              |     1 |     8 ||     9
  Evoke: Wand              |       |     1 ||     1
    Use: Potion            |       |     2 ||     2
         Scroll            |       |     1 ||     1
   Stab: Sleeping          |     5 |     4 ||     9
 Armour: Robe              |    57 |    65 ||   122
  Dodge: Dodged            |    83 |    57 ||   140
  Block: Other             |       |     2 ||     2

Table legend: (Time is in decaauts)
 A = Elapsed time spent in this place.
 B = Non-inter-level travel time spent in this place.
 C = Inter-level travel time spent in this place.
 D = Time resting spent in this place.
 E = Time spent auto-exploring this place.
 F = Levels seen in this place.
 G = Mean time per level.
                   A        B        C        D        E       F      G
               +--------+--------+--------+--------+--------+-----+--------+
         Total |   2195 |   2088 |    107 |      0 |   1457 |   4 |  548.8 |
       Dungeon |   2195 |   2088 |    107 |      0 |   1457 |   4 |  548.8 |
               +--------+--------+--------+--------+--------+-----+--------+

Top non-repeatable levels by time:
     D:3: 854 daAuts
     D:1: 797 daAuts
     D:2: 348 daAuts
     D:4: 195 daAuts
